cohdb
Replays
Latest Replays
All Replays
Popular Replays
Top Player Replays
Match Explorer
How It Works
Community
CoH3 Stats
Reddit
Sign in to upload your games and track your stats! →
Sign in with Steam
Match 44565244
Unlisted
Match 44565244
Overview
Messages
Build Orders
End
Royal Engineer Section
Construct Section Command Post
Construct Section Command Post
Selects Canadian Shock Battlegroup
Dingo Light Scout Car
Infantry Section
Infantry Section
Construct Platoon Command Post
Humber Armored Car
Selects Attacking Spirit
Selects Incendiary Munitions
Selects Canadian Shock Section
Infantry Section
6-pounder Anti-tank Gun Team
Grenade Package
Construct Field Infirmary
Canadian Shock Section
Infantry Training
Selects Pyrotechnics
Canadian Shock Section
Construct Company Command Post
Selects Smoke Operation
Smoke Operation
Matilda II Heavy Tank
Matilda II Heavy Tank
Smoke Operation
Canadian Shock Section
Armored Vehicle Training
Smoke Operation
Matilda II Heavy Tank
DrewP
Dillbro
Med
Felix Steiner
0
0
Comments
sign in to comment!
No comments posted yet!